 Dungeon Crawl Stone Soup version 0.24-a0-170-gd8427f5 (webtiles) character file.

Game seed: 2962327766009547547

282 Azzok the Insei (level 6, 0/47 HPs)
             Began as a Gnoll Transmuter on Mar 10, 2019.
             Slain by a human zombie (1 damage)
             ... in an ossuary.
             The game lasted 00:04:43 (3502 turns).

Azzok the Insei (Gnoll Transmuter)                  Turns: 3502, Time: 00:04:44

Health: 0/47       AC:  2    Str: 12    XL:     6   Next: 28%
Magic:  9/14       EV: 30    Int: 18    God:
Gold:   104        SH:  0    Dex: 25    Spells: 11/15 levels left

rFire    . . .     SeeInvis .     - Unarmed
rCold    . . .     Gourm    .   (shield currently unavailable)
rNeg     . . .     Faith    .   (armour currently unavailable)
rPois    x         Spirit   .   (helmet currently unavailable)
rElec    .         Reflect  .   (cloak currently unavailable)
rCorr    .         Harm     .   (gloves currently unavailable)
MR       .....                  (boots currently unavailable)
Stlth    ++++......             (no amulet)
HPRegen  0.15/turn              (no ring)
MPRegen  0.14/turn              (no ring)

@: agile, spider-form
A: tiny, distributed training, strong nose
a: End Transformation


You were in an ossuary.
You were hungry.
You were a venomous arachnid creature.
You visited 1 branch of the dungeon, and saw 4 of its levels.
You also visited: Ossuary.

You collected 104 gold pieces.

Inventory:

Hand Weapons
 c - a +2 short sword of electrocution (melded)
 m - a +0 short sword of venom
Missiles
 a - 12 arrows
Armour
 b - a +0 robe (melded)
 l - a +0 pair of gloves (melded)
Jewellery
 q - an uncursed ring of protection from cold {unknown}
Scrolls
 e - a scroll of blinking {unknown}
 f - a scroll of random uselessness {unknown}
 g - 4 scrolls of teleportation {unknown}
 i - a scroll of immolation {unknown}
 j - a scroll of remove curse {unknown}
 k - a scroll of magic mapping {unknown}
 n - a scroll of identify {unknown}
 p - a scroll of fog {unknown}
Potions
 h - 2 potions of agility
 o - a potion of might {unknown}
 r - a potion of heal wounds {unknown}
Comestibles
 d - 3 rations


   Skills:
 + Level 3.2 Fighting
 + Level 1.8 Short Blades
 + Level 1.8 Long Blades
 + Level 1.8 Axes
 + Level 1.8 Maces & Flails
 + Level 1.8 Polearms
 + Level 1.8 Staves
 + Level 1.8 Slings
 + Level 1.8 Bows
 + Level 1.8 Crossbows
 + Level 1.8 Throwing
 + Level 1.8 Armour
 + Level 4.9 Dodging
 + Level 1.8 Stealth
 + Level 1.8 Shields
 + Level 6.8 Unarmed Combat
 + Level 5.3 Spellcasting
 + Level 1.4 Conjurations
 + Level 1.4 Hexes
 + Level 1.4 Charms
 + Level 1.4 Summonings
 + Level 1.4 Necromancy
 + Level 1.4 Translocations
 + Level 4.1 Transmutations
 + Level 1.4 Fire Magic
 + Level 1.4 Ice Magic
 + Level 1.4 Air Magic
 + Level 1.4 Earth Magic
 + Level 1.4 Poison Magic
 + Level 2.0 Invocations
 + Level 1.8 Evocations


You had 11 spell levels left.
You knew the following spells:

 Your Spells              Type           Power        Failure   Level  Hunger
a - Beastly Appendage     Tmut           ###...       9%          1    None
b - Spider Form           Tmut/Pois      ##........   28%         3    ##.....

Your spell library contained the following spells:

 Spells                   Type           Power        Failure   Level  Hunger
 Sticks to Snakes         Tmut           ###.....     12%         2    #......
 Ice Form                 Ice/Tmut       ##......     61%         4    ####...
 Blade Hands              Tmut           ###.......   75%         5    ######.


Dungeon Overview and Level Annotations

Branches:
Dungeon (4/15)
 Temple: D:4-7

Altars:
Sif Muna
Uskayaw
Yredelemnul
Zin


Innate Abilities, Weirdness & Mutations

Your experience applies equally to all skills.
((You have very sharp teeth.))
Your uncanny sense of smell can sniff out nearby items.


Message History

The human zombie misses you.
Casting: Spider Form (safe; 12% risk of failure)
Confirm with . or Enter, or press ? or * to list all spells.
You turn into a venomous arachnid creature.
Your +2 short sword of electrocution melds into your body.
Your +0 pair of gloves melds into your body.
Your +0 robe melds into your body.
Your +2 short sword of electrocution stops crackling.
Unknown command.
You hit the human zombie.
The human zombie is lightly damaged.
The human zombie misses you.
You bite the human zombie!
The human zombie is moderately damaged.
The human zombie hits you.
* * * LOW HITPOINT WARNING * * *
You bite the human zombie!
The human zombie is heavily damaged.
The human zombie hits you.
You die...

▒╬▒ ▒▒▒·▒▒▒ ▒▒▒▒
▒▒·····▒▒ ▒Z··▒▒
▒·······▒ ·····▒
▒▒···∩···▒▒▒·····▒▒
╬···∩∩∩···sZZ·····▒
▒▒···∩···▒▒▒·····▒▒
▒·······▒ ·····▒
▒▒·····▒▒ ▒···▒▒
▒▒▒·▒▒▒ ▒▒▒▒ ▒╬▒


You could see an elf zombie and a human zombie.

Vanquished Creatures
  An elf zombie (Ossuary)
  A hound (D:3)
  A human zombie (Ossuary)
  2 mummies
  3 adders
  2 worms
  7 dart slugs
  2 leopard geckos
  2 orcs (D:3)
  3 giant cockroaches
  6 goblins
  6 hobgoblins
  13 jackals
  9 kobolds
  3 quokkas
  5 bats
  3 frilled lizards
  7 rats
76 creatures vanquished.

Notes
Turn   | Place    | Note
-------+----------+-------------------------------------------
     0 | D:1      | Azzok the Gnoll Transmuter began the quest for the Orb.
     0 | D:1      | Reached XP level 1. HP: 17/17 MP: 6/6
   135 | D:1      | Reached XP level 2. HP: 14/23 MP: 7/7
   598 | D:1      | Reached XP level 3. HP: 27/28 MP: 9/9
   639 | D:1      | Reached skill level 5 in Spellcasting
  1065 | D:2      | Reached skill level 1 in Invocations
  1159 | D:2      | Learned a level 3 spell: Spider Form
  1387 | D:2      | Reached skill level 1 in Short Blades
  1387 | D:2      | Reached skill level 1 in Long Blades
  1387 | D:2      | Reached skill level 1 in Axes
  1387 | D:2      | Reached skill level 1 in Maces & Flails
  1387 | D:2      | Reached skill level 1 in Polearms
  1387 | D:2      | Reached skill level 1 in Staves
  1387 | D:2      | Reached skill level 1 in Slings
  1387 | D:2      | Reached skill level 1 in Bows
  1387 | D:2      | Reached skill level 1 in Crossbows
  1387 | D:2      | Reached skill level 1 in Throwing
  1387 | D:2      | Reached skill level 1 in Armour
  1387 | D:2      | Reached skill level 1 in Stealth
  1387 | D:2      | Reached skill level 1 in Shields
  1387 | D:2      | Reached skill level 1 in Evocations
  1387 | D:2      | Reached XP level 4. HP: 34/34 MP: 7/11
  1699 | D:2      | Found a glowing silver altar of Zin.
  1950 | D:3      | Reached skill level 1 in Conjurations
  1950 | D:3      | Reached skill level 1 in Hexes
  1950 | D:3      | Reached skill level 1 in Charms
  1950 | D:3      | Reached skill level 1 in Summonings
  1950 | D:3      | Reached skill level 1 in Necromancy
  1950 | D:3      | Reached skill level 1 in Translocations
  1950 | D:3      | Reached skill level 1 in Fire Magic
  1950 | D:3      | Reached skill level 1 in Ice Magic
  1950 | D:3      | Reached skill level 1 in Air Magic
  1950 | D:3      | Reached skill level 1 in Earth Magic
  1950 | D:3      | Reached skill level 1 in Poison Magic
  1950 | D:3      | Reached XP level 5. HP: 31/40 MP: 7/12
  2331 | D:2      | Found a basalt altar of Yredelemnul.
  2331 | D:2      | Found a hide-covered altar of Uskayaw.
  2331 | D:2      | Found a deep blue altar of Sif Muna.
  2338 | D:2      | HP: 2/40 [poisoned by a kobold]
  2346 | D:2      | HP: 2/40 [poisoned by a kobold]
  3380 | D:4      | Found a sand-covered staircase.
  3456 | Ossuary  | Entered an ossuary
  3495 | Ossuary  | Reached XP level 6. HP: 4/47 MP: 11/14
  3501 | Ossuary  | HP: 1/47 [human zombie (4)]
  3502 | Ossuary  | Slain by a human zombie

Levels and vault maps discovered:
D:1:      psy_arrival_statuary, layout_loops_cross
D:2:      layout_rooms, nicolae_overflow_hidden_temple, bh_walls_and_bars
D:3:      layout_basic
D:4:      layout_basic, serial_shops, nicolae_shop_statue_plus,
          gup_ossuary_entry_pyramid, brannock_xom_greatest_gift
Ossuary:  ossuary_minmay_four_chambers

Skill      XL: |  1  2  3  4  5 |
---------------+----------------+-----
Spellcasting   | 5 |  5.3
Invocations    | 1 2 |  2.0
Short Blades   | 1 |  1.8
Long Blades    | 1 |  1.8
Axes           | 1 |  1.8
Maces & Flails | 1 |  1.8
Polearms       | 1 |  1.8
Staves         | 1 |  1.8
Slings         | 1 |  1.8
Bows           | 1 |  1.8
Crossbows      | 1 |  1.8
Throwing       | 1 |  1.8
Armour         | 1 |  1.8
Stealth        | 1 |  1.8
Shields        | 1 |  1.8
Evocations     | 1 |  1.8
Conjurations   | 1 |  1.4
Hexes          | 1 |  1.4
Charms         | 1 |  1.4
Summonings     | 1 |  1.4
Necromancy     | 1 |  1.4
Translocations | 1 |  1.4
Fire Magic     | 1 |  1.4
Ice Magic      | 1 |  1.4
Air Magic      | 1 |  1.4
Earth Magic    | 1 |  1.4
Poison Magic   | 1 |  1.4
Fighting       | 3 |  3.2
Transmutations | 4 |  4.1
Dodging        | |  4.9
Unarmed Combat | |  6.8

Action                   |  1- 3 |  4- 6 || total
-------------------------+-------+-------++-------
Melee: Unarmed           |    95 |    46 ||   141
       Bite              |    10 |    14 ||    24
       Punch             |     1 |     8 ||     9
       Kick              |     1 |       ||     1
       Headbutt          |     3 |       ||     3
       Short sword       |       |    98 ||    98
 Cast: Beastly Appendage |     3 |       ||     3
       Spider Form       |     2 |     4 ||     6
  Use: Potion            |       |     1 ||     1
 Stab: Sleeping          |     3 |     2 ||     5
       Distracted        |       |     1 ||     1
  Eat: Chunk             |     2 |     6 ||     8
Armor: Robe              |     8 |     8 ||    16
Dodge: Dodged            |    65 |   105 ||   170

Table legend:
 A = Non-vault XP
 B = Vault XP
 C = Vault XP percentage of total XP
 D = Non-vault monster count
 E = Vault monster count
 F = Vault count percentage of total count
                 A         B        C        D         E       F
            +---------+---------+-------+---------+---------+-------
      Total |     228 |     176 |  43.6 |      72 |       4 |   5.3
            +---------+---------+-------+---------+---------+-------
        D:1 |      50 |       0 |   0.0 |      24 |       0 |   0.0
        D:2 |      47 |       0 |   0.0 |      15 |       0 |   0.0
        D:3 |     127 |       0 |   0.0 |      32 |       0 |   0.0
        D:4 |       4 |      18 |  81.8 |       1 |       1 |  50.0
    Ossuary |       0 |     158 | 100.0 |       0 |       3 | 100.0
            +---------+---------+-------+---------+---------+-------
